Map: Stocznia orbitalna

Players

Gracz - Winner!

  • Race: Terran Terran

SI 1 (Bardzo łatwa)

  • Race: Terran Terran

VOD

Have the link to the VOD?

Description

Time

  • Played on: Feb. 8, 2016, 9:29 a.m.
  • Length: 30:51
Show
View Real Time Build Order
Export as new Build Order

Gracz Terran - Winner!

Build Orders:  

Get SALT Encoding   

  12  0:10  SCV  
  13  0:22  SCV  
  14  1:00  SCV  
  15  1:06  Refinery  
  15  1:08  Refinery  
  15  1:23  Supply Depot  
  15  1:44  SCV  
  16  1:56  SCV  
  17  2:07  Supply Depot  
  17  2:09  SCV  
  18  2:21  SCV  
  19  2:33  SCV  
  20  2:45  SCV  
  21  2:52  Supply Depot  
  21  3:15  Barracks  
  21  3:23  Supply Depot  
  21  3:58  Supply Depot  
  21  4:19  Barracks  
  21  5:05  Marine  
  21  5:07  Marine  
  22  5:16  Engineering Bay  
  22  5:23  Marine  
  22  5:25  Marine  
  24  5:34  Supply Depot  
  24  5:36  Factory  
  24  5:41  Marine  
  25  5:43  Marine  
  26  5:59  Marine  
  26  6:00  Marine  
  28  6:16  Marine  
  29  6:18  Marine  
  29  6:19  Supply Depot  
  30  6:34  Marine  
  30  6:36  Marine  
  30  6:39  Bunker  
  32  6:52  Marine  
  32  6:54  Marine  
  34  7:01  Ghost Academy  
  34  7:04  Supply Depot  
  32  7:43  Starport  
  32  8:00  Armory  
  32  8:16  Terran Infantry Weapons Level 1  
  32  8:24  Marine  
  32  8:26  Marine  
  34  8:40  SCV  
  35  8:41  Marine  
  35  8:44  Marine  
  37  8:52  SCV  
  38  8:59  Marine  
  38  9:02  Marine  
  40  9:06  Starport Reactor  
  40  9:08  Fusion Core  
  40  9:16  Terran Vehicle Weapons Level 1  
  40  9:17  Marine  
  40  9:19  Marine  
  40  9:20  Hellion  
  44  9:35  Marine  
  44  9:37  Marine  
  46  9:41  Factory  
  46  9:42  Hellion  
  48  9:53  Marine  
  48  9:55  Marine  
  50  10:03  Hellion  
  52  10:10  Marine, Terran Infantry Armor Level 1  
  52  10:13  Marine  
  54  10:20  Viking x2  
  58  10:22  Starport  
  58  10:25  Hellion  
  60  10:46  Hellion  
  62  10:50  Viking x2  
  66  11:03  Starport Tech Lab  
  66  11:10  Terran Vehicle And Ship Armor Level 1  
  66  11:20  Viking x2  
  70  11:28  Battlecruiser  
  76  11:34  Marine  
  76  11:35  Marine  
  78  11:52  Marine  
  79  12:04  Hi-Sec Auto Tracking  
  79  12:11  Supply Depot  
  79  12:25  Supply Depot  
  79  12:28  Supply Depot  
  79  12:32  Marine x2, Viking x2  
  85  12:40  Supply Depot  
  85  12:50  Marine x2  
  87  13:01  Neosteel Frame  
  87  13:04  Terran Ship Weapons Level 1  
  87  13:08  Marine x2  
  89  13:26  Marine x2  
  91  13:46  Refinery  
  91  13:51  Battlecruiser  
  97  14:20  Building Armor  
  97  14:22  Refinery  
  97  15:49  Marine  
  98  15:50  Marine  
  98  15:53  Viking x2  
  103  16:07  Marine  
  103  16:08  Marine  
  105  16:22  Medivac  
  107  16:32  Marine  
  107  16:34  Marine  
  109  16:50  Marine  
  109  16:52  Marine  
  111  17:25  Supply Depot  
  111  17:46  Battlecruiser, Medivac  
  119  18:01  Supply Depot  
  119  18:22  Marine x2  
  121  18:34  Supply Depot  
  121  18:40  Marine x2  
  123  18:48  Viking x2  
  127  18:56  Battlecruiser  
  127  18:58  Marine x2  
  135  19:19  Supply Depot  
  135  19:35  Supply Depot  
  135  19:40  Marine x2  
  135  19:41  SCV  
  138  19:46  Supply Depot  
  138  19:53  SCV  
  138  19:58  Marine x2  
  141  20:00  Supply Depot  
  141  20:09  Supply Depot  
  141  20:23  Supply Depot  
  141  20:36  Supply Depot  
  141  20:43  Viking  
  141  20:44  Viking  
  141  20:46  Marine  
  141  20:47  Marine  
  147  20:50  Terran Infantry Weapons Level 2  
  138  21:03  Marine  
  138  21:05  Marine  
  138  21:07  Battlecruiser  
  145  21:19  Supply Depot  
  145  21:29  Marine  
  145  21:31  Medivac x2  
  150  21:44  Liberator  
  150  21:47  Marine  
  150  21:51  Supply Depot  
  154  22:10  Marine  
  155  22:21  Factory Tech Lab  
  155  22:28  Marine  
  156  22:41  Supply Depot  
  156  22:46  Siege Tank  
  156  22:49  Factory Reactor  
  159  23:02  Marine  
  159  23:03  Marine  
  161  23:05  Terran Infantry Armor Level 2  
  161  23:18  Siege Tank  
  164  23:20  Marine  
  164  23:21  Marine  
  166  24:02  Hellion  
  168  24:05  Infernal Pre-Igniter  
  168  24:15  Marine  
  169  24:23  Hellion  
  171  24:30  Personal Cloaking  
  171  24:33  Marine  
  172  24:45  Hellion  
  174  25:00  High Capacity Fuel Tanks  
  174  25:06  Hellion  
  171  25:21  Terran Infantry Weapons Level 3  
  171  25:24  Drilling Claws  
  171  25:32  Banshee  
  174  25:43  Hellion x2  
  178  26:05  Hellion x2  
  182  26:11  Terran Vehicle And Ship Armor Level 2  
  182  26:15  Banshee  
  185  26:26  Hellion x2  
  189  26:42  Mag-Field Accelerator  
  189  26:52  Supply Depot  
  165  28:54  Viking x2  
  165  28:55  Marine  
  170  28:57  Marine  
  171  29:13  Marine  
  171  29:15  Marine  
  173  29:30  Marine  
  174  29:32  Marine  
  175  29:42  Battlecruiser  
  181  29:50  Marine  
Show
View Real Time Build Order
Export as new Build Order

SI 1 (Bardzo łatwa) Terran 

Build Orders:  

Get SALT Encoding   

  12  0:00  SCV  
  13  0:13  SCV  
  14  0:19  Supply Depot  
  14  0:37  Refinery  
  14  0:46  Barracks  
  14  1:05  Supply Depot  
  14  1:12  Refinery  
  14  1:33  Marine, Orbital Command  
  15  1:52  Barracks Tech Lab  
  15  1:59  SCV  
  16  2:11  SCV  
  16  2:15  Marine  
  18  2:23  SCV  
  19  2:35  SCV  
  20  2:48  SCV  
  21  2:57  Marauder  
  23  3:00  SCV  
  24  6:23  SCV  
  24  6:24  Marine, Supply Depot  
  26  6:27  Factory  
  26  6:29  Command Center  
  26  6:35  SCV  
  27  6:48  SCV  
  27  6:49  Supply Depot  
  28  6:55  Marine  
  28  7:00  SCV  
  28  7:12  Starport  
  26  7:27  Marine  
  27  7:42  SCV  
  28  7:50  SCV  
  29  7:51  Refinery, Starport Tech Lab  
  29  7:53  Refinery  
  29  7:57  SCV  
  30  7:58  Marine  
  30  8:04  SCV  
  32  8:11  SCV, Raven  
  35  8:19  SCV  
  36  8:26  SCV  
  37  8:31  Marauder  
  37  8:33  SCV  
  40  8:40  SCV  
  41  8:47  SCV  
  42  8:54  Raven  
  42  8:55  SCV  
  45  9:01  Marine  
  45  9:02  SCV  
  47  9:09  SCV  
  48  9:16  SCV  
  49  9:23  SCV  
  50  9:31  SCV  
  50  11:57  Reaper  
  50  11:59  Medivac, Supply Depot  
  53  12:07  Command Center  
  53  12:28  Medivac  
  53  12:29  Marauder  
  48  12:50  Marine  
  49  12:58  Raven  
  51  13:08  Marine  
  52  13:20  SCV  
  52  13:26  Marauder  
  55  13:28  Refinery  
  55  13:34  Refinery  
  55  13:41  Raven  
  55  13:48  Reaper  
  58  14:19  Marine  
  59  14:37  Marine  
  60  14:55  Marine  
  61  16:16  Marine, Factory Tech Lab  
  62  16:36  Siege Tank  
  63  16:54  Marine  
  63  16:55  Raven  
  47  17:12  Marine  
  48  17:19  Siege Tank  
  51  17:31  Marine  
  52  17:38  Medivac  
  54  17:49  Marine  
  55  17:55  Siege Tank  
  55  17:57  Command Center  
  58  18:07  Marine  
  58  18:08  Raven  
  61  18:51  Raven  
  63  19:12  Refinery  
  63  19:19  Refinery  
  63  19:34  Medivac  
  65  20:51  Marine  
  65  20:56  Medivac  
  43  21:09  Marine  
  44  21:20  Siege Tank  
  47  21:26  Raven  
  49  21:35  Marine  
  50  21:53  Marine  
  51  22:04  Siege Tank  
  54  22:08  Medivac  
  56  22:18  Marine  
  57  22:36  Marine  
  58  22:38  Raven  
  60  22:47  Siege Tank  
  63  23:21  Raven  
  65  24:19  Command Center  
  65  24:42  SCV  
  65  24:59  Marine, Raven  
  43  25:17  Marine  
  44  25:26  Siege Tank  
  47  25:39  Marine  
  47  25:42  Raven  
  50  25:50  Refinery  
  50  25:54  Refinery  
  50  25:56  Marine  
  51  26:05  Siege Tank  
  54  26:17  Marine  
  55  26:25  Raven  
  57  26:35  Marine  
  58  26:43  Siege Tank  
  61  27:08  Medivac  
  63  27:28  Marine  
  47  27:38  Medivac  
  49  27:45  Marine  
  48  28:06  Orbital Command  
  40  28:33  Supply Depot  
  39  29:02  Supply Depot  
  39  29:04  Supply Depot  
  39  29:23  Supply Depot  
  21  29:44  Barracks  
  21  30:04  Command Center  
  21  30:30  Marine  
  21  30:34  Refinery  
Tags
 
Add a new tag
Caveats
  • Supply blocks, unpowered buildings, or Contaminate may cause inaccurate times.
  • Supply counts are checked every 10 seconds.